 Dungeon Crawl Stone Soup version 0.16.2-12-gd0ad4c3 (webtiles) character file.

64 faibistes the Magician (level 3, 0/19 HPs)
             Began as a Deep Elf Wizard on Feb 6, 2019.
             Succumbed to poison (a potion of poison)
             ... on level 2 of the Dungeon.
             The game lasted 00:05:55 (2455 turns).

faibistes the Magician (Deep Elf Wizard)            Turns: 2455, Time: 00:05:56

Health: 0/19       AC:  3    Str:  4    XL:     3   Next: 91%
Magic:  0/14       EV: 13    Int: 23    God:
Gold:   103        SH:  0    Dex: 13    Spells: 5 memorised, 1 level left

rFire  . . .     SeeInvis .     h - +0 dagger (curse)
rCold  . . .     Clarity  .     a - +0 robe
rNeg   . . .     SustAb   .     (no shield)
rPois  .         Gourm    .     b - +0 hat
rElec  .         Spirit   .     m - +0 cloak
rCorr  .         Warding  .     (no gloves)
rMut   .         Stasis   .     (no boots)
MR     .....                    (no amulet)
Stlth  ++........               (no ring)
                                (no ring)

@: lethally poisoned (0 -> -17), very slightly contaminated, not resistant to
hostile enchantments, unstealthy
A: no striking features
a: no special abilities


You were on level 2 of the Dungeon.
You were hungry.

You visited 1 branch of the dungeon, and saw 5 of its levels.

You collected 103 gold pieces.

Inventory:

Hand weapons
 h - a cursed +0 dagger (weapon)
Armour
 a - a +0 robe (worn)
 b - a +0 hat (worn)
 m - a +0 cloak (worn)
Jewellery
 f - an uncursed ring of ice
Scrolls
 e - a scroll of enchant armour {unknown}
 i - a scroll of fear {unknown}
 k - a scroll of fog {unknown}
 n - 2 scrolls of remove curse {unknown}
 o - a scroll of enchant weapon {unknown}
 q - a scroll of identify {unknown}
 s - a scroll of amnesia {unknown}
Potions
 j - a potion of mutation {unknown}
 l - a potion of cancellation {unknown}
 p - a potion of poison
 r - 2 potions of haste {unknown}
 t - a potion of lignification {unknown}
 u - a potion of flight {unknown}
Books
 c - a book of Minor Magic

   Spells                             Type                      Level
   a - Magic Dart                     Conjuration                  1
   b - Blink                          Translocation                2
   c - Call Imp                       Summoning                    2
   d - Repel Missiles                 Charms/Air                   2
   e - Slow                           Hexes                        2
   f - Conjure Flame                  Conjuration/Fire             3
   g - Mephitic Cloud                 Conjuration/Poison/Air       3
Comestibles
 d - a bread ration
 g - a slice of pizza
 v - a meat ration
 w - 2 chunks of flesh


   Skills:
 + Level 3.2 Dodging
 - Level 2.4 Stealth
 * Level 5.4 Spellcasting
 * Level 2.5 Conjurations
 - Level 1.1 Summonings
 - Level 1.1 Translocations


You had one spell level left.
You knew the following spells:

 Your Spells              Type           Power        Failure   Level  Hunger
a - Magic Dart            Conj           ###.         3%          1    None
b - Conjure Flame         Conj/Fire      ##......     17%         3    ##.....
c - Call Imp              Summ           ##......     12%         2    None
d - Blink                 Tloc           N/A          12%         2    None
e - Mephitic Cloud        Conj/Pois/Air  ##......     21%         3    ##.....


Dungeon Overview and Level Annotations

Branches:
Dungeon (5/15)
 Temple: D:4-7

Altars:
Kikubaaqudgha
Nemelex Xobeh
Xom


Message History

The orc priest is heavily wounded.
The orc priest misses you.
Casting: Magic Dart
Confirm with . or Enter, or press ? or * to list all spells.
Aiming: Magic Dart
Press: ? - help, Shift-Dir - straight line, f/p - orc priest
Aim: an orc priest, wearing a scale mail (heavily wounded)
The magic dart hits the orc priest.
The orc priest is heavily wounded.
The orc priest misses you.
You closely miss the orc priest.
The orc priest is heavily wounded.
The orc priest mumbles some strange prayers to Beogh against you.
Pain shoots through your body!
* * * LOW HITPOINT WARNING * * *
Drink which item? (? for menu, Esc to quit)
It was a potion of poison.
That liquid tasted very nasty...
You are lethally poisoned!
You die...

##### #......................)##
####........#######........##
###...........# #....(....#
#.#...........# #.........#
#.#......##+#.# ######)...#
#.#......##...# #(...#
###.#......###..###### #....#
#...........##.o#..(.##########.#
#.............[>@....+..........#
#...........#####....###.........
#...............'....+....(......
#............####....###.........
.##........#.##..................
.##........#.##..................
.##.....####.##..................
.+......# #.###########.........
.######### #........# #..........


You could see an orc priest.

Vanquished Creatures
  A giant mite (D:2)
  2 giant geckos (D:1)
  3 oozes
  5 orcs
  2 giant cockroaches (D:1)
  3 goblins
  5 hobgoblins
  2 jackals (D:2)
  4 bats
  A giant gecko skeleton (D:3)
  4 giant newts
  5 kobolds
  4 rats
41 creatures vanquished.

Vanquished Creatures (collateral kills)
  A worm (D:2)
1 creature vanquished.

Vanquished Creatures (others)
  A crimson imp (D:2)
1 creature vanquished.

Grand Total: 43 creatures vanquished

Notes
Turn   | Place    | Note
--------------------------------------------------------------
     0 | D:1      | faibistes, the Deep Elf Wizard, began the quest for the Orb.
     0 | D:1      | Reached XP level 1. HP: 10/10 MP: 6/6
   376 | D:1      | Reached XP level 2. HP: 15/15 MP: 6/9
   380 | D:1      | Learned a level 2 spell: Blink
   383 | D:1      | Learned a level 2 spell: Call Imp
  1132 | D:2      | Found an ancient bone altar of Kikubaaqudgha.
  1135 | D:2      | Found a shimmering altar of Xom.
  1142 | D:2      | Found a sparkling altar of Nemelex Xobeh.
  1324 | D:2      | Reached XP level 3. HP: 19/19 MP: 1/13
  1472 | D:2      | Learned a level 3 spell: Conjure Flame
  1476 | D:2      | Learned a level 3 spell: Mephitic Cloud
  1515 | D:2      | Reached skill level 5 in Spellcasting
  1636 | D:5      | Entered Level 5 of the Dungeon
  1993 | D:3      | Noticed an orc priest
  2455 | D:2      | Succumbed to poison (a potion of poison)

Action                   || total
-------------------------++-------
Melee: Dagger            ||    11
 Cast: Magic Dart        ||   127
       Call Imp          ||     3
       Mephitic Cloud    ||     3
  Use: Potion            ||     1
  Eat: Chunk             ||     4
